Map: Nightshade LE

Players

noobprime - Winner!

  • Race: Terran Terran
  • League: Master
  • Spawn Location: 11:00

MarineKing

  • Race: Terran Terran
  • League: Diamond
  • Spawn Location: 5:00

VOD

Have the link to the VOD?

Description

Time

  • Played on: April 20, 2020, 3:09 a.m.
  • Length: 10:56
Show
View Real Time Build Order
Export as new Build Order

noobprime Terran - Winner!

Build Orders: 2 Factory, Hellion Opening, Mech 

Get SALT Encoding   

  12  0:01  SCV  
  13  0:13  SCV  
  14  0:17  Supply Depot  
  14  0:25  SCV  
  15  0:30  Refinery  
  15  0:39  SCV  
  16  0:46  Barracks  
  16  0:51  SCV  
  17  1:04  SCV  
  18  1:16  SCV  
  20  1:33  Reaper  
  20  1:35  Orbital Command  
  20  1:47  Command Center  
  20  1:58  Factory  
  20  2:01  SCV  
  20  2:07  Barracks Reactor  
  21  2:14  SCV  
  22  2:18  Supply Depot  
  22  2:26  SCV  
  23  2:42  SCV  
  24  2:49  Factory  
  24  2:50  Hellion x2  
  29  2:54  SCV  
  29  2:55  Barracks Tech Lab  
  29  3:00  Orbital Command  
  29  3:06  SCV  
  30  3:13  Hellion x2  
  30  3:18  SCV  
  35  3:29  SCV  
  35  3:30  SCV  
  37  3:39  Hellion x2  
  37  3:40  Supply Depot  
  41  3:42  Cyclone  
  41  3:45  SCV  
  45  3:53  SCV  
  46  3:58  Command Center  
  46  4:02  Hellion, SCV  
  49  4:10  SCV  
  49  4:13  Supply Depot  
  49  4:14  SCV  
  49  4:16  Supply Depot  
  51  4:22  Cyclone  
  54  4:34  SCV  
  54  4:35  Hellion x2  
  54  4:38  SCV  
  60  4:40  Refinery  
  60  4:43  Refinery  
  60  4:44  Refinery  
  60  4:46  SCV  
  60  4:50  SCV  
  62  4:58  SCV  
  57  5:02  SCV  
  57  5:06  Cyclone  
  61  5:11  SCV  
  57  5:14  SCV  
  57  5:18  Hellion x2  
  57  5:21  Armory  
  62  5:23  SCV  
  62  5:24  Supply Depot  
  62  5:26  SCV  
  62  5:27  Supply Depot, Orbital Command  
  64  5:35  SCV  
  63  5:38  SCV  
  62  5:47  SCV  
  62  5:49  Cyclone  
  59  5:53  SCV  
  60  6:00  Hellion x2, SCV  
  65  6:10  SCV  
  66  6:12  Barracks Reactor  
  66  6:13  Starport  
  66  6:14  SCV  
  66  6:16  SCV  
  66  6:17  Factory  
  66  6:18  Supply Depot  
  68  6:19  Refinery  
  68  6:20  Refinery  
  68  6:21  Siege Tank  
  68  6:23  Hellion x2, SCV  
  76  6:26  SCV  
  76  6:28  SCV  
  78  6:35  SCV  
  78  6:38  SCV  
  78  6:39  Terran Vehicle Weapons Level 1  
  80  6:40  SCV  
  80  6:42  Engineering Bay  
  80  6:44  Hellion x2  
  85  6:47  SCV  
  85  6:51  SCV  
  85  6:53  SCV  
  88  6:59  SCV  
  89  7:03  Siege Tank, SCV  
  89  7:04  Factory Tech Lab  
  89  7:05  Barracks Tech Lab, SCV, Viking x2  
  98  7:09  Factory  
  98  7:11  SCV  
  98  7:12  Hellion  
  98  7:15  SCV  
  102  7:17  SCV  
  103  7:23  SCV  
  103  7:24  Siege Tank  
  103  7:26  Hellion  
  109  7:31  Supply Depot  
  109  7:32  Supply Depot  
  109  7:33  SCV x2  
  101  7:50  Siege Tank  
  101  7:51  Hellion x2, SCV  
  109  7:56  SCV  
  109  7:58  Siege Tank  
  113  8:02  Supply Depot  
  113  8:05  Siege Tank, Viking x2  
  118  8:07  Barracks Tech Lab  
  118  8:10  Command Center, Factory  
  114  8:13  Refinery  
  114  8:14  Refinery  
  114  8:25  Command Center  
  109  8:35  Viking  
  109  8:38  Siege Tank  
  99  8:51  Siege Tank x2  
  99  8:52  Hellion x2  
  109  9:00  Starport  
  109  9:05  Barracks Reactor  
  109  9:09  Hellion  
  111  9:10  Viking x2  
  113  9:23  Siege Tank x2  
  119  9:24  Siege Tank  
  119  9:25  Hellion x2  
  119  9:30  Hellion  
  128  9:46  Hellion  
  128  9:47  Planetary Fortress, Missile Turret  
  128  9:49  Hellion  
  128  9:51  Siege Tank  
  134  9:54  Orbital Command  
  134  9:55  Siege Tank  
  134  9:56  Hellion  
  134  9:57  Hellion  
  141  10:05  Viking, Missile Turret x2  
  141  10:06  Missile Turret  
  143  10:08  Viking x3  
  149  10:23  Hellion x2  
  159  10:34  Armory  
  159  10:35  Supply Depot x2  
  159  10:37  Supply Depot  
  159  10:39  Command Center  
Show
View Real Time Build Order
Export as new Build Order

MarineKing Terran 

Build Orders: Cyclone Timing 

Get SALT Encoding   

  12  0:00  SCV  
  13  0:13  SCV  
  14  0:17  Supply Depot  
  14  0:25  SCV  
  15  0:39  Barracks, SCV  
  16  0:44  Refinery  
  16  0:49  Refinery  
  16  0:52  SCV  
  17  1:05  SCV  
  18  1:17  SCV  
  19  1:26  Reaper  
  19  1:29  Orbital Command  
  20  1:40  Factory  
  20  1:57  SCV  
  20  1:58  Reaper, Supply Depot  
  22  2:10  SCV  
  22  2:22  SCV  
  23  2:24  Hellion  
  25  2:35  SCV  
  26  2:39  Command Center, Barracks Reactor  
  26  2:45  Factory Tech Lab  
  26  2:51  SCV  
  27  2:52  Starport  
  27  2:58  Supply Depot  
  27  3:03  SCV  
  28  3:09  Cyclone  
  31  3:19  Marine x2, SCV  
  34  3:24  Supply Depot  
  34  3:29  Medivac  
  34  3:32  SCV  
  37  3:37  Marine x2  
  39  3:45  SCV  
  39  3:46  Cyclone  
  43  3:54  Orbital Command  
  43  3:57  Marine x2  
  44  4:05  SCV  
  45  4:12  Starport Tech Lab  
  45  4:15  Marine x2  
  45  4:17  SCV  
  48  4:22  Cyclone  
  49  4:33  Marine x2  
  50  4:38  SCV x2  
  50  4:40  Raven  
  54  4:50  SCV x2  
  54  4:51  Marine x2  
  53  5:04  Siege Tank  
  53  5:06  SCV  
  53  5:08  Command Center  
  46  5:17  Marine x2  
  46  5:19  SCV x2  
  47  5:24  Barracks  
  47  5:25  Barracks  
  45  5:31  SCV  
  43  5:36  Siege Tank  
  44  5:45  Marine x2  
  44  5:52  Viking  
  44  5:53  SCV x2  
  44  6:03  Marine x2  
  45  6:05  SCV x2  
  46  6:16  Siege Tank  
  46  6:17  SCV x2  
  51  6:20  Refinery  
  51  6:21  Marine x2, Refinery  
  51  6:24  Orbital Command  
  53  6:29  SCV x2  
  55  6:40  Marine x2  
  55  6:41  Starport Reactor, SCV  
  55  6:42  SCV  
  59  6:49  Marine, Stimpack  
  59  6:51  Widow Mine  
  59  6:54  SCV x2  
  64  6:57  Barracks Reactor, Orbital Command  
  64  6:59  Marine x2  
  66  7:06  SCV x2  
  66  7:07  Engineering Bay x2  
  68  7:08  Supply Depot  
  68  7:13  Marine, Siege Tank  
  72  7:17  Marine x2  
  72  7:18  SCV x2  
  76  7:30  Viking  
  76  7:31  Marine, Supply Depot  
  76  7:34  Marine x2  
  69  7:44  Orbital Command  
  69  7:46  Siege Tank  
  69  7:53  Marine x3  
  69  7:54  Marine x2, Viking  
  76  7:59  Supply Depot, Terran Infantry Armor Level 1  
  76  8:03  Terran Infantry Weapons Level 1  
  76  8:10  SCV x3  
  76  8:11  Marine  
  80  8:17  Marine  
  80  8:18  Marine x3  
  84  8:25  SCV, Viking  
  80  8:36  Marine x2  
  80  8:37  Marine x2  
  71  8:45  SCV  
  71  8:46  SCV  
  56  8:52  Marine  
  56  8:58  Siege Tank, SCV  
  60  9:04  SCV  
  61  9:10  SCV  
  61  9:19  Marine x3  
  61  9:20  Marine x2  
  61  9:21  Viking  
  65  9:27  SCV  
  65  9:28  SCV  
  67  9:38  Marine x4  
  68  9:41  Viking  
  68  9:44  SCV  
  74  9:46  Marine  
  75  9:55  Siege Tank  
  75  9:56  Marine x2  
  75  9:57  Marine  
  81  10:03  SCV x2  
  81  10:06  Marine x2  
  83  10:20  Marine  
  83  10:21  Marine x2  
  84  10:22  Viking  
  84  10:24  Marine, SCV  
  84  10:33  Supply Depot x2  
Tags
 
Add a new tag
Caveats
  • Supply blocks, unpowered buildings, or Contaminate may cause inaccurate times.
  • Supply counts are checked every 10 seconds.